 Dungeon Crawl Stone Soup version 0.19.5 (webtiles) character file.

291086 ShornTheSheep the Hoplite (level 20, -6/187 HPs)
             Began as a Gargoyle Berserker on Apr 14, 2017.
             Was a High Priest of Trog.
             Splashed with acid (11 damage)
             ... on level 1 of the Pits of Slime on Apr 15, 2017.
             The game lasted 03:45:12 (37913 turns).

ShornTheSheep the Hoplite (Gargoyle Berserker)     Turns: 37913, Time: 03:45:12

Health: -6/187     AC: 57    Str: 33    XL:     20   Next: 76%
Magic:  21/21      EV: 11    Int:  7    God:    Trog [*****.]
Gold:   2828       SH: 23    Dex: 20    Spells: 0 memorised, 19 levels left

rFire  + + .     SeeInvis .     C - +9 trident (flame)
rCold  . . .     Gourm    .     G - +8 plate armour {ponderous}
rNeg   + . .     Faith    .     o - +2 shield
rPois  ∞         Spirit   .     s - +2 helmet
rElec  +         Reflect  +     N - +3 cloak "Foanluc" {Dex+4}
rCorr  +         Harm     .     O - +0 pair of gloves {Dex+3}
MR     +....                    X - +2 pair of boots {Fly}
Stlth  ..........               t - amulet "Puluy" {Reflect rElec rF+ Dex+3 SH+2}
                                y - ring of resist corrosion
                                l - +6 ring of protection

@: berserking, flying, studying Axes, very quick
A: big wings, blurry vision 1, dopey 1, fire resistance 1, negative energy
resistance 1, electricity resistance, unbreathing, petrification resistance, rot
immunity, AC +15
a: Stop Flying, Berserk, Trog's Hand, Brothers in Arms, Burn Spellbooks,
Renounce Religion
}: 2/15 runes: serpentine, barnacled


You were on level 1 of the Pits of Slime.
You worshipped Trog.
Trog was extremely pleased with you.
You were full.

You visited 7 branches of the dungeon, and saw 35 of its levels.
You also visited: Ice Cave.

You collected 4917 gold pieces.
You spent 2089 gold pieces at shops.

Inventory:

Hand Weapons
 v - the +8 glaive of Debt {chop, rF- rN+ Str+6 Int+4, unknown}
   (Trog gifted it to you on level 15 of the Dungeon)

   It inflicts extra damage upon your enemies.
   It affects your strength (+6).
   It affects your intelligence (+4).
   It makes you vulnerable to fire.
   It protects you from negative energy.
 A - a +3 demon trident of freezing
 C - a +9 trident of flaming (weapon)
Armour
 o - a +2 shield (worn)
 s - a +2 helmet (worn)
 G - a +8 plate armour of ponderousness (worn)
 N - the +3 cloak "Foanluc" (worn) {Dex+4}
   (You found it on level 15 of the Dungeon)

   It affects your dexterity (+4).
 O - a +0 pair of gloves of dexterity (worn)
 X - a +2 pair of boots of flying (worn)
Jewellery
 g - a cursed ring of teleportation
 k - an uncursed ring of positive energy
 l - a +6 ring of protection (left hand)
 t - the amulet "Puluy" (around neck) {Reflect rElec rF+ Dex+3 SH+2}
   (You found it in an ice cave)

   [amulet of reflection]

   It shields you and reflects attacks.
   It affects your dexterity (+3).
   It protects you from fire.
   It insulates you from electricity.
   It affects your SH (+2).
 y - a ring of resist corrosion (right hand)
 z - the ring "Vixuoviv" {MP+9 Int+4, unknown}
   (You found it on level 14 of the Dungeon)

   [ring of magical power]

   It affects your intelligence (+4).
   It affects your magic capacity (+9).
 I - an uncursed ring of protection from fire
 R - an uncursed ring of see invisible
 T - the amulet "Mary" {Harm *Drain +Inv}
   (You took it off a deep elf blademaster on level 3 of the Elven Halls)

   [amulet of harm]

   It increases damage dealt and taken.
   It lets you turn invisible.
   It causes draining when unequipped.
 U - the ring of Accord {Fire rElec Int+5}
   (You took it off a deep elf demonologist on level 3 of the Elven Halls)

   [ring of fire]

   It enhances your fire magic.
   It affects your intelligence (+5).
   It protects you from fire.
   It makes you vulnerable to cold.
   It insulates you from electricity.
 Z - the ring "Mudedgh" {rPois rF+ rN+ Int+3}
   (You found it on level 3 of the Elven Halls)

   [ring of positive energy]

   It affects your intelligence (+3).
   It protects you from fire.
   It protects you from poison.
   It protects you from negative energy.
Wands
 d - a wand of disintegration (5/24)
 e - a wand of confusion (31/48)
 m - a wand of disintegration (23/24)
 u - a wand of digging (10/24)
 w - a wand of lightning (9/15)
 x - a wand of flame (48/48)
 B - a wand of lightning (8/15)
 D - a wand of iceblast (7/15)
 F - a wand of teleportation (8/9)
 J - a wand of paralysis (13/24)
 K - a wand of enslavement (20/24)
 L - a wand of slowing (21/48)
 V - a wand of acid (6/15)
Scrolls
 a - 2 scrolls of blinking
 h - 2 scrolls of remove curse
 j - 12 scrolls of teleportation
 q - 3 scrolls of fear
 H - 4 scrolls of fog
 P - a scroll of brand weapon
Potions
 b - 4 potions of haste
 c - 3 potions of berserk rage
 f - 5 potions of agility
 n - 3 potions of cancellation
 r - 6 potions of curing
 E - 2 potions of brilliance
 M - 6 potions of might
 S - a potion of flight {unknown}
Books
 Q - a manual of Axes
Comestibles
 i - 26 meat rations
 Y - a beef jerky


   Skills:
 + Level 13.5 Fighting
   Level 3.8 Short Blades
 - Level 3.1(12.6) Axes
   Level 7.6(8.0) Maces & Flails
 * Level 17.2(17.3) Polearms
 + Level 12.1 Armour
 + Level 4.3 Dodging
 + Level 2.5 Stealth
 * Level 24.5 Shields
 + Level 1.7 Evocations


You had 19 spell levels left.
You didn't know any spells.

Dungeon Overview and Level Annotations

Branches:
Dungeon (15/15)            Temple (0/1) D:7            Lair (6/6) D:10
 Shoals (4/4) Lair:4        Snake (4/4) Lair:3        Slime (1/5) Lair:6
    Orc (2/2) D:11            Elf (3/3) Orc:2        Vaults (0/5) D:13
 Depths (0/5) D:15

Altars:
Dithmenos
Elyvilon
Gozag
Kikubaaqudgha
Vehumet
Xom
Zin
The Shining One
Beogh

Shops:
D:7 ?   D:8 [   Orc:1 *   Orc:2 !}(!   Elf:3 (}   Snake:1 [   Snake:3 *
Snake:4 ?


Innate Abilities, Weirdness & Mutations

You are resistant to torment.
Your stone body is resilient. (AC +15)
You are immune to poison.
Your large and strong wings let you fly indefinitely.
You resist negative energy. (rN+)
You are resistant to electric shocks. (rElec)
You can survive without breathing.
You are immune to petrification.
You are immune to rotting.
Scrolls take you a little longer to read.
You are dopey. (Int -2)
Your flesh is heat resistant. (rF+)


Message History

* * * LOW HITPOINT WARNING * * *
You block the acid blob's attack.
Two slime creatures merge to form a very large slime creature.
Two slime creatures merge to form an enormous slime creature.
You puncture the acid blob! You burn the acid blob.
Your hands burn!
* * * LOW HITPOINT WARNING * * *
The acid blob is severely wounded.
You are splashed with acid!
The walls burn you! You resist.
* * * LOW HITPOINT WARNING * * *
The acid blob hits you but does no damage.
You impale the acid blob!! You burn the acid blob.
Your hands burn!
* * * LOW HITPOINT WARNING * * *
The acid blob is almost dead.
You are splashed with acid!
The walls burn you! You resist.
* * * LOW HITPOINT WARNING * * *
You puncture the acid blob! You burn the acid blob.
You kill the acid blob!
Trog accepts your kill.
You are splashed with acid!
The walls burn you! You resist.
You die...

.........##
.#........#
#........#
.........#
....#....#
. ##.<.##
#.G..#
#J.J##
#...#@##
...#..### .
.... .....
..... #.##


You could see an enormous slime creature, a very large slime creature and a
shining eye.

Vanquished Creatures
  Bai Suzhen (Shoals:4)
  Nikola (Shoals:3)
  2 deep elf blademasters
  A deep elf master archer (Elf:3)
  2 acid blobs (Slime:1)
  A sphinx (D:14)
  Gastronok (Lair:1)
  Donald (Shoals:4)
  6 nagarajas
  4 deep elf sorcerers
  A deep elf elementalist (Elf:3)
  2 orc warlords
  The ghost of jurikolo the Bludgeoner, a journeyman MiFi of Gozag (D:15)
  A stone giant (Orc:2)
  2 deep elf demonologists (Elf:3)
  2 deep elf annihilators (Elf:3)
  A merfolk javelineer (Shoals:3)
  An ettin (D:15)
  Josephine (D:15)
  4 deep elf death magi (Elf:3)
  5 merfolk impalers
  Erolcha (Orc:2)
  A yaktaur captain (D:14)
  A deep elf high priest (Elf:3)
  A fire dragon (Lair:6)
  4 hydras
  A great orb of eyes (D:14)
  2 vault guards (D:13)
  2 ice dragons (IceCv)
  10 naga warriors
  An alligator snapping turtle (Shoals:4)
  A merfolk avatar (Shoals:3)
  2 satyrs
  4 centaur warriors
  8 anacondas
  3 merfolk aquamancers
  An ogre mage (Orc:2)
  A tengu warrior (D:15)
  12 naga sharpshooters
  26 dancing weapons
  An orc high priest (Elf:2)
  Urug (D:11)
  5 shock serpents
  Sonja (Lair:1)
  19 deep elf knights
  A hell knight (D:15)
  5 salamander mystics
  5 unseen horrors
  8 naga ritualists
  Pikel (D:7)
  7 sea snakes
  15 deep elf archers
  3 necromancers (D:13)
  A kraken simulacrum (Shoals:4)
  7 hill giants
  4 wizards
  3 harpies (Shoals:2)
  4 orc knights
  A wolf spider zombie (D:14)
  6 ugly things
  49 deep elf magi
  10 orc sorcerers
  9 mana vipers
  12 fauns
  A cyclops (shapeshifter) (Elf:1)
  5 slime creatures
  10 salamanders
  12 elephants
  39 black mambas
  2 guardian serpents
  10 naga magi
  5 water nymphs
  12 sirens
  10 manticores
  6 centaur skeletons
  A gargoyle (D:15)
  Joseph (D:8)
  2 ice statues (IceCv)
  9 spiny frogs
  7 rime drakes
  3 tengu conjurers
  9 komodo dragons
  A yaktaur (D:15)
  6 polar bears
  15 merfolk
  A meliai (D:14)
  A queen bee (shapeshifter) (Elf:1)
  7 trolls
  A troll (shapeshifter) (Elf:2)
  2 hornets
  3 two-headed ogres
  Grinder (D:3)
  5 wind drakes
  10 blink frogs (Lair:4)
  19 hippogriffs
  3 raiju (Lair:6)
  14 dream sheep
  3 air elementals
  8 snapping turtles
  2 centaur simulacra (D:13)
  3 shadows
  13 water elementals
  3 fire elementals
  16 humans (D:13)
  A yak (shapeshifter) (Elf:2)
  7 wraiths
  A hog (shapeshifter) (Elf:2)
  33 yaks
  A wyvern (Lair:4)
  2 hungry ghosts (D:11)
  6 basilisks
  13 wargs
  A harpy simulacrum (D:12)
  3 mottled dragons
  43 nagas
  7 vampire mosquitoes
  15 water moccasins
  Duvessa (D:7)
  A swamp drake (Lair:6)
  5 hell hounds (Lair:6)
  6 porcupines
  A meliai simulacrum (D:14)
  4 sky beasts
  17 ice beasts
  34 orc warriors
  A phantom (D:6)
  8 black bears (Lair:6)
  4 necrophages
  31 wolves
  19 ogres
  A boggart (Elf:1)
  7 centaurs
  23 crocodiles
  6 big kobolds
  14 bullfrogs
  5 earth elementals
  A gnoll sergeant (D:7)
  Dowan (D:7)
  A water moccasin zombie (D:9)
  2 wyvern skeletons
  4 scorpions
  15 killer bees
  7 wights
  An electric eel (D:14)
  6 howler monkeys
  5 centaur zombies
  8 crimson imps
  A bullfrog zombie (D:6)
  6 jellies
  2 quasits
  12 orc priests
  18 hounds
  5 bullfrog skeletons
  6 iguanas
  31 orc wizards
  13 worker ants
  A killer bee zombie (D:8)
  A bullfrog simulacrum (D:13)
  Robin (D:4)
  4 gnolls (D:7)
  17 adders
  3 shadow imps
  2 white imps
  2 ufetubi (D:13)
  3 oozes (Lair:6)
  An adder zombie (D:9)
  4 worms
  A dart slug (D:2)
  5 leopard geckos
  72 orcs
  2 ball pythons
  4 giant cockroaches
  14 goblins
  9 hobgoblins
  6 jackals
  8 quokkas
  6 bats
  4 frilled lizards
  2 goblin skeletons (D:7)
  2 hobgoblin zombies (D:7)
  12 kobolds
  A kobold skeleton (D:7)
  2 kobold zombies (D:7)
  A leopard gecko skeleton (D:4)
  An orc skeleton (D:7)
  8 rats
  2 fungi
  4 plants
  A tentacle (Shoals:4)
1254 creatures vanquished.

Vanquished Creatures (collateral kills)
  Vashnia (Snake:4)
  Ilsuiw (Shoals:4)
  A deep elf sorcerer (Elf:3)
  Aizul (Snake:1)
  4 nagarajas (Snake:4)
  2 orc warlords
  A deep elf elementalist (Elf:3)
  4 deep elf demonologists (Elf:3)
  2 deep elf annihilators (Elf:3)
  5 merfolk javelineers (Shoals:4)
  5 merfolk impalers (Shoals:4)
  A deep elf high priest (Elf:3)
  4 naga warriors (Snake:4)
  A merfolk aquamancer (Shoals:4)
  A merfolk avatar (Shoals:4)
  6 dancing weapons (Elf:2)
  An anaconda (Snake:4)
  A shock serpent (Snake:4)
  2 naga sharpshooters (Snake:4)
  2 deep elf knights (Elf:2)
  A salamander mystic (Snake:4)
  2 sea snakes (Shoals:4)
  A harpy (Shoals:4)
  3 deep elf archers (Elf:2)
  A naga ritualist (Snake:4)
  4 orc sorcerers (Orc:2)
  3 mana vipers (Snake:4)
  5 deep elf magi
  A faun (Shoals:2)
  4 elephants (Lair:5)
  2 guardian serpents (Snake:4)
  2 sirens
  3 black mambas (Snake:4)
  A water nymph (Shoals:4)
  2 naga magi (Snake:4)
  3 wind drakes (Shoals:4)
  8 merfolk
  A two-headed ogre (D:10)
  3 polar bears (Lair:6)
  2 water elementals (Shoals:4)
  2 humans (D:13)
  3 yaks (Lair:6)
  A hungry ghost (D:10)
  4 wargs
  20 nagas
  A water moccasin (Lair:2)
  2 orc warriors (Orc:2)
  2 swamp drakes (Lair:6)
  8 ice beasts
  4 black bears (Lair:6)
  A wolf (Lair:6)
  A centaur (Shoals:4)
  4 wights (D:10)
  An orc priest (Orc:2)
  7 orc wizards
  10 orcs
  2 plants (Lair:6)
171 creatures vanquished.

Vanquished Creatures (others)
  A deep elf master archer (Elf:3)
  A centaur warrior (D:13)
  4 satyrs
  A dancing weapon (Elf:2)
  2 naga sharpshooters (Snake:4)
  A tengu warrior (D:13)
  A deep elf knight (Elf:2)
  A faun (Shoals:3)
  A manticore (Shoals:4)
  A vampire mosquito (D:13)
  A warg (Lair:6)
  A naga (Snake:3)
  A black bear (Lair:6)
  An iguana (Lair:6)
  A leopard gecko (D:7)
  2 kobolds
  A fungus (Lair:2)
  16 plants
  8 tentacles (Shoals:4)
46 creatures vanquished.

Grand Total: 1471 creatures vanquished

Notes
Turn   | Place    | Note
-------+----------+-------------------------------------------
     0 | D:1      | ShornTheSheep the Gargoyle Berserker began the quest for the Orb.
     0 | D:1      | Reached XP level 1. HP: 14/14 MP: 1/1
    93 | D:1      | Reached XP level 2. HP: 12/19 MP: 2/2
   806 | D:2      | Reached XP level 3. HP: 7/24 MP: 3/3
  1089 | D:2      | Reached ** piety under Trog
  1171 | D:2      | Reached XP level 4. HP: 29/29 MP: 4/4
  1200 | D:2      | Found a faded altar of an unknown god.
  1200 | D:2      | Found a faded altar of an unknown god.
  1205 | D:2      | Found a faded altar of an unknown god.
  1207 | D:2      | Found a faded altar of an unknown god.
  1209 | D:2      | Found a shimmering altar of Xom.
  1335 | D:3      | Noticed Grinder
  1355 | D:3      | Killed Grinder
  1355 | D:3      | Reached skill level 5 in Maces & Flails
  1355 | D:3      | Reached skill level 1 in Stealth
  1355 | D:3      | Reached XP level 5. HP: 33/33 MP: 5/5
  1355 | D:3      | Reached XP level 6. HP: 38/38 MP: 6/6
  1963 | D:4      | Noticed Robin
  1994 | D:4      | Reached skill level 1 in Shields
  1999 | D:4      | Killed Robin
  2025 | D:4      | Reached XP level 7. HP: 26/44 MP: 7/7
  2057 | D:4      | Reached skill level 2 in Shields
  2087 | D:4      | Reached *** piety under Trog
  2200 | D:4      | Found a shadowy altar of Dithmenos.
  2397 | D:4      | Reached skill level 3 in Shields
  2570 | D:5      | Entered Level 5 of the Dungeon
  2681 | D:5      | Found an opulent altar of Gozag.
  3093 | D:5      | Found a white marble altar of Elyvilon.
  3199 | D:6      | Reached skill level 4 in Shields
  3247 | D:6      | Found a shimmering altar of Xom.
  3409 | D:6      | Reached XP level 8. HP: 48/48 MP: 8/8
  3771 | D:6      | Reached **** piety under Trog
  3809 | D:6      | Reached skill level 5 in Shields
  3984 | D:7      | Noticed a wraith
  4015 | D:7      | Killed a wraith
  4048 | D:7      | Found a staircase to the Ecumenical Temple.
  4083 | D:7      | Found a glowing golden altar of the Shining One.
  4150 | D:7      | Reached skill level 6 in Shields
  4288 | D:7      | Found Tiestisi's Magic Scroll Shoppe.
  4346 | D:7      | Noticed Dowan
  4348 | D:7      | Noticed Duvessa
  4358 | D:7      | Killed Duvessa
  4358 | D:7      | Reached skill level 5 in Fighting
  4358 | D:7      | Reached skill level 7 in Shields
  4358 | D:7      | Reached XP level 9. HP: 52/54 MP: 9/9
  4363 | D:7      | Killed Dowan
  4408 | D:7      | Noticed Pikel
  4422 | D:7      | Killed Pikel
  4422 | D:7      | Reached skill level 1 in Polearms
  4422 | D:7      | Reached skill level 8 in Shields
  4813 | D:8      | Reached skill level 5 in Armour
  4832 | D:8      | Reached skill level 9 in Shields
  4854 | D:8      | Noticed Joseph
  4871 | D:8      | Killed Joseph
  4871 | D:8      | Reached XP level 10. HP: 50/59 MP: 10/10
  4944 | D:8      | Got a slimy short sword
  4945 | D:8      | Identified the +7 short sword "Pepyaguy" {pain, rF+ Int+7} (You found it on level 8 of the Dungeon)
  4957 | D:8      | Found Xaulylef's Antique Armour Shop.
  4972 | D:8      | Bought a pair of pitted boots for 256 gold pieces
  4977 | D:8      | Identified the cursed +0 pair of boots of the Other World {Dex+2} (You bought it in a shop on level 8 of the Dungeon)
  5062 | D:8      | Noticed a three-headed hydra
  5072 | D:8      | Reached skill level 1 in Short Blades
  5082 | D:8      | Killed a three-headed hydra
  5082 | D:8      | Reached skill level 5 in Polearms
  5452 | D:8      | Found a glowing silver altar of Zin.
  5626 | D:9      | Reached ***** piety under Trog
  6485 | D:9      | Received a gift from Trog
  6491 | D:10     | Entered Level 10 of the Dungeon
  6538 | D:10     | Noticed a hill giant
  6554 | D:10     | Killed a hill giant
  6554 | D:10     | Reached XP level 11. HP: 61/64 MP: 11/11
  6595 | D:10     | Reached skill level 10 in Shields
  6740 | D:10     | Noticed a red ugly thing
  6759 | D:10     | Killed a red ugly thing
  7042 | D:10     | Found a staircase to the Lair.
  7358 | Lair:1   | Entered Level 1 of the Lair of Beasts
  7358 | Lair:1   | Noticed Gastronok
  7393 | Lair:1   | Killed Gastronok
  7577 | Lair:1   | Reached skill level 11 in Shields
  7863 | Lair:1   | Reached XP level 12. HP: 70/71 MP: 12/12
  8001 | Lair:1   | Noticed Sonja
  8034 | Lair:1   | Killed Sonja
  8133 | Lair:1   | Reached skill level 10 in Polearms
  8594 | Lair:2   | Reached skill level 12 in Shields
  8678 | Lair:2   | Found a frozen archway.
  8843 | IceCv    | Entered an ice cave
  9331 | IceCv    | Noticed an ice dragon
  9341 | IceCv    | Noticed an ice dragon
  9348 | IceCv    | Killed an ice dragon
  9351 | IceCv    | Killed an ice dragon
  9447 | IceCv    | Got a twitching tin amulet
  9538 | Lair:2   | Identified the amulet "Puluy" {Reflect rElec rF+ Dex+3 SH+2} (You found it in an ice cave)
  9646 | Lair:2   | Reached XP level 13. HP: 76/76 MP: 13/13
 10171 | Lair:3   | Reached skill level 13 in Shields
 10187 | Lair:3   | Found a staircase to the Snake Pit.
 10897 | Lair:3   | Identified a scroll of acquirement
 11530 | Lair:4   | Reached skill level 14 in Shields
 11764 | Lair:4   | Found a staircase to the Shoals.
 11789 | Lair:4   | Gained mutation: Your muscles are strong. (Str +2) [potion of mutation]
 11789 | Lair:4   | Gained mutation: Your spells are a little easier to cast, but a little less powerful. [potion of mutation]
 11790 | Lair:4   | Gained mutation: You are partially covered in yellow scales. (AC +2) [potion of mutation]
 11790 | Lair:4   | Lost mutation: Your spells are a little easier to cast, but a little less powerful. [potion of mutation]
 11790 | Lair:4   | Gained mutation: You have sharp fingernails. [potion of mutation]
 12457 | Lair:5   | Got a twisted rapier
 12463 | Lair:5   | Identified the +7 rapier of Regicide {protect, rF+ rC+ Str-4} (You found it on level 5 of the Lair of Beasts)
 12946 | Lair:6   | Entered Level 6 of the Lair of Beasts
 12952 | Lair:6   | Received a gift from Trog
 13015 | Lair:6   | Gained mutation: Your large and strong wings let you fly indefinitely. [Gargoyle growth]
 13015 | Lair:6   | Reached XP level 14. HP: 82/84 MP: 14/14
 13270 | Lair:6   | Reached ****** piety under Trog
 13422 | Lair:6   | Reached skill level 15 in Shields
 13610 | Lair:6   | Received a gift from Trog
 13614 | Lair:6   | Got a warped spear {god gift}
 13740 | Lair:6   | Found a staircase to the Slime Pits.
 14291 | Snake:1  | Entered Level 1 of the Snake Pit
 14291 | Snake:1  | Noticed Aizul
 14320 | Snake:1  | Killed Aizul
 14338 | Snake:1  | Found a shimmering altar of Xom.
 14434 | Snake:1  | Identified the +1 spear of Gargoyle's Doom {flame, rF+ Int+3} (Trog gifted it to you on level 6 of the Lair of Beasts)
 14462 | Snake:1  | Reached skill level 16 in Shields
 14729 | Snake:1  | Got a garnet-encrusted ring mail
 14741 | Snake:1  | Identified the +1 ring mail "Nyot" {rPois rC- MP+9} (You found it on level 1 of the Snake Pit)
 14806 | Snake:1  | Reached XP level 15. HP: 87/90 MP: 15/15
 15466 | Snake:1  | Found Iczuif's Antique Armour Boutique.
 15776 | D:11     | Received a gift from Trog
 15876 | D:11     | Noticed Urug
 15890 | D:11     | Killed Urug
 16001 | D:11     | Found Acsint's Book Shop.
 16206 | D:11     | Found a staircase to the Orcish Mines.
 16597 | Orc:1    | Entered Level 1 of the Orcish Mines
 16690 | Orc:1    | Found Quodukul's Assorted Antiques.
 16724 | Orc:1    | Bought a glowing plate armour for 841 gold pieces
 16779 | Orc:1    | Found a roughly hewn altar of Beogh.
 17008 | Orc:1    | Reached skill level 17 in Shields
 17156 | Orc:1    | Received a gift from Trog
 17188 | Orc:1    | Noticed an orc warlord
 17241 | Orc:1    | Killed an orc warlord
 17350 | Orc:1    | Noticed an orc warlord
 17360 | Orc:1    | Killed an orc warlord
 17363 | Orc:1    | Got an ichor-stained bardiche {chaos}
 17660 | Orc:1    | Identified the +11 bardiche "Qiohuh" {chaos, rN++ MR+} (You took it off an orc warlord on level 1 of the Orcish Mines)
 17674 | Orc:2    | Entered Level 2 of the Orcish Mines
 17726 | Orc:2    | Noticed an orc warlord
 17781 | Orc:2    | Killed an orc warlord
 17952 | Orc:2    | Received a gift from Trog
 17953 | Orc:2    | Got a smoking trident {god gift}
 17981 | Orc:2    | Found Tifotz's Distillery.
 18022 | Orc:2    | Found a radiant altar of Vehumet.
 18023 | Orc:2    | Noticed Erolcha
 18034 | Orc:2    | Killed Erolcha
 18039 | Orc:2    | Found Evel's Gadget Shoppe.
 18111 | Orc:2    | Found an ancient bone altar of Kikubaaqudgha.
 18135 | Orc:2    | Found a roughly hewn altar of Beogh.
 18135 | Orc:2    | Found Netziacice's Antique Weapon Shoppe.
 18147 | Orc:2    | Found Ithued's Distillery.
 18181 | Orc:2    | Bought a fine flail for 272 gold pieces
 18272 | Orc:2    | Reached skill level 10 in Fighting
 18273 | Orc:2    | Found a staircase to the Elven Halls.
 18293 | Orc:2    | Identified the cursed +1 flail of the Everdark {distort, Str+4} (You bought it in a shop on level 2 of the Orcish Mines)
 18295 | Orc:2    | Identified the +3 trident "Farghyot" {flame, rElec rC+} (Trog gifted it to you on level 2 of the Orcish Mines)
 18333 | Orc:2    | Gained mutation: Your body sometimes deteriorates upon taking damage. [mutagenic glow]
 18375 | Orc:2    | Gained mutation: Your body often deteriorates upon taking damage. [mutagenic glow]
 18495 | Orc:2    | Gained mutation: You are clumsy. (Dex -2) [mutagenic glow]
 18509 | Orc:2    | Lost mutation: You are clumsy. (Dex -2) [potion of cure mutation]
 18509 | Orc:2    | Lost mutation: Your body often deteriorates upon taking damage. [potion of cure mutation]
 18509 | Orc:2    | Lost mutation: Your body sometimes deteriorates upon taking damage. [potion of cure mutation]
 18509 | Orc:2    | Lost mutation: You are partially covered in yellow scales. (AC +2) [potion of cure mutation]
 18510 | Orc:2    | Lost mutation: You have sharp fingernails. [potion of cure mutation]
 18510 | Orc:2    | Lost mutation: Your muscles are strong. (Str +2) [potion of cure mutation]
 18511 | Orc:2    | Gained mutation: You are weak. (Str -2) [potion of mutation]
 18511 | Orc:2    | Gained mutation: You have an increased reservoir of magic. (+10% MP) [potion of mutation]
 18512 | Orc:2    | Lost mutation: You are weak. (Str -2) [potion of cure mutation]
 18512 | Orc:2    | Lost mutation: You have an increased reservoir of magic. (+10% MP) [potion of cure mutation]
 18912 | Snake:2  | Reached XP level 16. HP: 76/97 MP: 16/16
 19113 | Snake:2  | Noticed a nagaraja
 19148 | Snake:2  | Killed a nagaraja
 19148 | Snake:2  | Reached skill level 18 in Shields
 19888 | Snake:3  | Found Sapp's Assorted Antiques.
 20002 | Snake:3  | Noticed a nagaraja
 20479 | Snake:3  | Received a gift from Trog
 20814 | Snake:4  | Entered Level 4 of the Snake Pit
 21123 | Snake:4  | Found Viat's Magic Scroll Shop.
 21131 | Snake:4  | Bought a scroll of acquirement for 520 gold pieces
 21131 | Snake:4  | Bought a scroll of brand weapon for 200 gold pieces
 21168 | Snake:4  | Got a brightly glowing helmet
 21179 | Snake:4  | Identified the +0 helmet of the Grue {rF+} (You acquired it on level 4 of the Snake Pit)
 21244 | Snake:4  | Reached skill level 19 in Shields
 21427 | Snake:4  | Noticed a nagaraja
 21437 | Snake:4  | Killed a nagaraja
 21472 | Snake:4  | Noticed Vashnia
 21485 | Snake:4  | Noticed a nagaraja
 21520 | Snake:4  | Noticed a nagaraja
 21534 | Snake:4  | Killed a nagaraja
 21536 | Snake:4  | Killed a nagaraja
 21536 | Snake:4  | Reached skill level 15 in Polearms
 21549 | Snake:4  | Killed Vashnia
 21556 | Snake:4  | Noticed a nagaraja
 21558 | Snake:4  | Killed a nagaraja
 21562 | Snake:4  | Noticed a nagaraja
 21566 | Snake:4  | Received a gift from Trog
 21569 | Snake:4  | Reached skill level 1 in Evocations
 21576 | Snake:4  | Killed a nagaraja
 21634 | Snake:4  | Reached XP level 17. HP: 91/104 MP: 17/17
 22262 | Snake:4  | Reached skill level 10 in Armour
 22274 | Snake:4  | Reached skill level 20 in Shields
 22545 | Snake:4  | Got a serpentine rune of Zot
 22727 | Shoals:1 | Entered Level 1 of the Shoals
 25125 | Shoals:3 | Reached skill level 21 in Shields
 25145 | Shoals:3 | Noticed Nikola
 25170 | Shoals:3 | Killed Nikola
 25417 | Shoals:3 | Reached XP level 18. HP: 111/111 MP: 18/18
 25948 | Shoals:4 | Entered Level 4 of the Shoals
 26106 | Shoals:4 | Noticed Ilsuiw
 26120 | Shoals:4 | Received a gift from Trog
 26125 | Shoals:4 | Killed Ilsuiw
 26162 | Shoals:4 | Noticed Bai Suzhen
 26195 | Shoals:4 | Killed Bai Suzhen
 26875 | Shoals:4 | Noticed Donald
 26910 | Shoals:4 | Killed Donald
 27155 | Shoals:4 | Got a barnacled rune of Zot
 27574 | Elf:1    | Entered Level 1 of the Elven Halls
 27652 | Elf:1    | Found a radiant altar of Vehumet.
 27746 | Elf:1    | Reached skill level 22 in Shields
 29001 | Elf:2    | Received a gift from Trog
 29045 | Elf:2    | Reached XP level 19. HP: 106/116 MP: 11/19
 29046 | Elf:2    | Gained mutation: Your flesh is heat resistant. (rF+) [potion of beneficial mutation]
 29410 | Elf:2    | Gained mutation: You are dopey. (Int -2) [a neqoxec]
 29523 | Elf:2    | Found a runed gate.
 29531 | Elf:2    | Found a runed gate.
 29531 | Elf:2    | Found a runed gate.
 30048 | Elf:2    | Reached skill level 23 in Shields
 30354 | Elf:3    | Entered Level 3 of the Elven Halls
 30378 | Elf:3    | Found Ucyanaez's Gadget Shop.
 30400 | Elf:3    | Found Nasapn's Weapon Boutique.
 30777 | Elf:3    | Noticed a Tzitzimitl
 30797 | Elf:3    | Noticed a Brimstone Fiend
 31104 | Elf:3    | Noticed an Ice Fiend
 31783 | Elf:3    | Got a jewelled broad axe {chop}
 31948 | Elf:3    | Noticed a Brimstone Fiend
 31949 | Elf:3    | Noticed a Hell Sentinel
 32400 | Elf:3    | Noticed an Ice Fiend
 32826 | Elf:3    | Reached XP level 20. HP: 117/124 MP: 21/21
 32828 | Elf:3    | Got a scintillating garnet amulet
 32840 | Elf:3    | Got a slimy tin ring
 32868 | Elf:3    | Got a sparkling turquoise ring
 32903 | Elf:3    | Identified the +8 broad axe of Luxury {chop, rF+ Str+4} (You took it off a deep elf mage on level 3 of the Elven Halls)
 32918 | Elf:3    | Got a slimy ruby amulet
 32961 | Elf:3    | Got a crystal falchion
 32962 | Elf:3    | Identified the +3 falchion of Weillete {slice, Dex+4} (You found it on level 3 of the Elven Halls)
 32970 | Elf:3    | Identified the ring "Mudedgh" {rPois rF+ rN+ Int+3} (You found it on level 3 of the Elven Halls)
 32974 | Elf:3    | Identified the amulet of Anarchy {Spirit Str+4} (You found it on level 3 of the Elven Halls)
 33065 | Elf:3    | Got a fine brass amulet
 33100 | Elf:2    | Reached skill level 1 in Axes
 33133 | Elf:2    | Gained mutation: Scrolls take you a little longer to read. [a neqoxec]
 33926 | D:12     | Identified the amulet "Maoduec" {Faith rPois Int+6 Dex-3 Stlth-} (You took it off a deep elf demonologist on level 3 of the Elven Halls)
 33935 | D:12     | Identified the amulet "Mary" {Harm *Drain +Inv} (You took it off a deep elf blademaster on level 3 of the Elven Halls)
 34125 | D:12     | Identified the ring of Accord {Fire rElec Int+5} (You took it off a deep elf demonologist on level 3 of the Elven Halls)
 34943 | D:13     | Paralysed by a wizard for 3 turns
 34980 | D:13     | Found a gate to the Vaults.
 35012 | D:13     | Reached skill level 24 in Shields
 35616 | D:14     | Got a warped quarterstaff
 35643 | D:14     | Identified the cursed +1 quarterstaff of the Poles {freeze, SInv} (You found it on level 14 of the Dungeon)
 36040 | D:14     | Received a gift from Trog
 36456 | D:14     | Paralysed by a wizard for 5 turns
 36517 | D:14     | Got a brightly glowing jade ring
 36641 | D:15     | Entered Level 15 of the Dungeon
 36696 | D:15     | Noticed jurikolo's ghost (journeyman MiFi)
 36740 | D:15     | Killed jurikolo's ghost
 36813 | D:15     | Got a shimmering cloak
 36837 | D:15     | Identified the +3 cloak "Foanluc" {Dex+4} (You found it on level 15 of the Dungeon)
 37256 | D:15     | Noticed Josephine
 37264 | D:15     | Killed Josephine
 37272 | D:15     | Received a gift from Trog
 37293 | D:15     | Got a smoking glaive {god gift}
 37319 | D:15     | Found a staircase to the Depths.
 37876 | Slime:1  | Entered Level 1 of the Pits of Slime
 37912 | Slime:1  | HP: 5/187 [acid (7)]
 37913 | Slime:1  | Splashed with acid

Skill      XL: |  1  2  3  4  5  6  7  8  9 10 11 12 13 14 15 16 17 18 19 20 |
---------------+-------------------------------------------------------------+-----
Dodging        | 2 3 4 |  4.3
Maces & Flails | 5 6 7 |  7.6
Fighting       | 4 5 6 7 8 9 10 11 12 13 | 13.5
Stealth        | 1 2 |  2.5
Shields        | 1 4 7 9 11 12 14 16 17 19 21 22 23 24 | 24.5
Armour         | 3 4 5 6 7 8 9 10 11 12 | 12.1
Polearms       | 4 7 9 11 12 13 14 15 16 17 | 17.2
Short Blades   | 3 |  3.8
Evocations     | 1 |  1.7
Axes           | 3 |  3.1

Action                   |  1- 3 |  4- 6 |  7- 9 | 10-12 | 13-15 | 16-18 | 19-21 || total
-------------------------+-------+-------+-------+-------+-------+-------+-------++-------
Melee: Mace              |   109 |   147 |   376 |       |       |       |       ||   632
       Trident           |       |       |   105 |   560 |  1786 |  1661 |  1395 ||  5507
       Short sword       |       |       |       |    16 |       |       |       ||    16
       Rapier            |       |       |       |       |    17 |       |       ||    17
       Bardiche          |       |       |       |       |     6 |       |       ||     6
       Demon trident     |       |       |       |       |       |   112 |       ||   112
       Broad axe         |       |       |       |       |       |       |    40 ||    40
Invok: Berserk           |       |     2 |     2 |     3 |     2 |     1 |     2 ||    12
       Burn Spellbooks   |       |       |     3 |       |     3 |     1 |     6 ||    13
       Brothers in Arms  |       |       |       |     6 |    12 |    25 |    20 ||    63
 Abil: Evoke Flight      |       |       |       |     1 |       |       |       ||     1
       Fly               |       |       |       |       |     1 |       |       ||     1
Evoke: Wand              |       |       |       |     1 |     7 |    10 |    13 ||    31
  Use: Scroll            |     8 |     3 |    12 |    11 |    15 |    22 |    15 ||    86
       Potion            |       |       |     3 |     2 |     9 |     6 |    16 ||    36
 Stab: Sleeping          |     1 |       |       |       |       |       |       ||     1
       Distracted        |       |       |       |       |     1 |     3 |       ||     4
       Invisible         |       |       |       |       |       |       |     1 ||     1
  Eat: Bread ration      |     1 |     1 |     2 |     1 |       |     6 |     6 ||    17
       Fruit             |     1 |       |       |    17 |     9 |     8 |     6 ||    41
       Royal jelly       |       |       |     1 |       |     5 |     8 |       ||    14
       Pizza             |       |       |       |     2 |     7 |     1 |     1 ||    11
       Beef jerky        |       |       |       |     2 |     3 |       |     2 ||     7
       Meat ration       |       |       |       |       |       |       |     1 ||     1
Armor: Animal skin       |    12 |       |       |       |       |       |       ||    12
       Leather armour    |    12 |       |       |       |       |       |       ||    12
       Scale mail        |    34 |       |       |       |       |       |       ||    34
       Chain mail        |       |   111 |   314 |   158 |       |       |       ||   583
       Plate armour      |       |       |       |   143 |   864 |   658 |   482 ||  2147
Dodge: Dodged            |    77 |    52 |   143 |   151 |   461 |   312 |   198 ||  1394
Block: Shield            |       |    58 |   375 |   435 |  1725 |  1486 |  1092 ||  5171
       Reflection        |       |       |       |       |    63 |   152 |    77 ||   292
       Other             |       |       |       |       |     1 |       |     4 ||     5
